Map: Efflorescence EC

Players

weBBy

  • Race: Zerg Zerg
  • Spawn Location: 12:00

Kolbo

  • Race: Protoss Protoss
  • Spawn Location: 3:00

Maiheu

  • Race: Protoss Protoss
  • League: Diamond
  • Spawn Location: 9:00

XMasterMaxX

  • Race: Terran Terran
  • League: Bronze
  • Spawn Location: 6:00

VOD

Have the link to the VOD?

Description

Time

  • Played on: July 15, 2020, 3:14 p.m.
  • Length: 18:55
Show
View Real Time Build Order
Export as new Build Order

weBBy Zerg 

Build Orders: Hatch First, Lurkers 

Get SALT Encoding   

  12  0:02  Drone  
  13  0:09  Drone  
  14  0:18  Overlord  
  14  0:36  Drone x3  
  17  0:57  Drone  
  17  0:58  Hatchery  
  17  1:10  Drone  
  18  1:15  Spawning Pool  
  17  1:32  Drone x3  
  20  1:35  Extractor  
  18  2:03  Spine Crawler  
  18  2:08  Spine Crawler  
  16  2:17  Spine Crawler  
  16  2:18  Drone x3  
  16  2:21  Drone x2  
  20  2:32  Overlord  
  20  2:34  Drone  
  22  2:57  Queen, Drone x2  
  26  2:58  Queen  
  26  2:59  Drone  
  26  3:00  Drone  
  30  3:06  Metabolic Boost  
  30  3:08  Extractor  
  30  3:12  Drone  
  30  3:25  Drone  
  30  3:26  Drone x2  
  33  3:40  Overlord  
  33  3:45  Spore Crawler  
  32  3:50  Spore Crawler  
  32  3:51  Drone  
  32  3:52  Drone x3  
  35  4:02  Drone  
  36  4:04  Hatchery  
  35  4:15  Drone  
  35  4:16  Lair  
  36  4:21  Drone x4  
  40  4:25  Extractor  
  39  4:33  Roach Warren  
  39  4:34  Drone x2  
  40  4:41  Evolution Chamber  
  40  4:43  Drone x2  
  41  5:01  Drone x3  
  44  5:07  Overlord x4  
  44  5:17  Roach x3  
  44  5:18  Glial Reconstitution  
  44  5:20  Zerg Missile Weapons Level 1  
  50  5:22  Overlord  
  50  5:25  Queen  
  52  5:37  Zergling x10  
  52  5:38  Zergling x2  
  58  5:47  Zergling x6  
  61  5:50  Zergling x2  
  61  5:53  Zergling x6  
  60  6:15  Zergling x8  
  60  6:17  Zergling x4  
  58  6:30  Queen  
  58  6:31  Queen  
  60  6:33  Zergling x8  
  60  6:35  Zergling x4  
  61  6:55  Zergling x2  
  61  6:56  Zergling x2  
  61  6:59  Zergling x4  
  63  7:02  Drone x3  
  65  7:20  Drone x3  
  68  7:26  Hydralisk Den  
  68  7:28  Queen, Hatchery, Drone x3  
  71  7:32  Extractor  
  67  7:50  Zergling x2  
  67  7:51  Zergling x4  
  70  7:55  Overlord x3  
  70  7:56  Grooved Spines, Zerg Missile Weapons Level 2  
  70  7:58  Drone  
  70  7:59  Drone  
  70  8:01  Drone x3  
  70  8:02  Drone x2  
  72  8:18  Hydralisk x2  
  72  8:19  Hydralisk x3  
  74  8:20  Hydralisk  
  74  8:25  Drone x2  
  84  8:28  Extractor  
  84  8:30  Hydralisk  
  84  8:31  Hydralisk x2  
  84  8:43  Queen, Spore Crawler  
  84  8:47  Spore Crawler  
  81  9:01  Overseer  
  81  9:02  Spore Crawler, Hydralisk x5  
  80  9:06  Drone x4  
  80  9:07  Hydralisk  
  80  9:08  Hydralisk x4, Muscular Augments  
  103  9:19  Queen  
  67  10:19  Hydralisk x2  
  67  10:20  Hydralisk x4  
  67  10:21  Hydralisk x6  
  87  10:39  Drone x3  
  90  10:48  Hydralisk x2  
  94  10:50  Hydralisk x2  
  94  10:52  Hatchery  
  95  11:02  Hatchery  
  95  11:03  Hatchery  
  93  11:13  Drone x2  
  93  11:14  Drone x3  
  98  11:29  Infestation Pit  
  98  11:30  Zerg Ground Armor Level 1  
  97  11:35  Drone  
  97  11:36  Drone x3  
  97  11:37  Drone x2  
  97  11:39  Drone x3  
  107  11:40  Drone  
  107  11:45  Extractor  
  106  11:50  Extractor  
  105  12:08  Drone  
  106  12:09  Overlord x4  
  106  12:12  Hive, Spire  
  105  12:17  Queen  
  105  12:18  Drone x2  
  109  12:30  Spore Crawler  
  109  12:31  Spore Crawler  
  109  12:36  Spore Crawler  
  106  12:39  Hydralisk  
  106  12:40  Hydralisk x3  
  106  12:41  Spore Crawler  
  113  12:45  Drone x2  
  113  12:47  Spore Crawler  
  113  12:49  Spore Crawler  
  113  12:52  Queen  
  113  12:54  Lurker Den  
  114  13:00  Drone x6  
  120  13:08  Drone x2  
  120  13:09  Drone  
  120  13:12  Extractor  
  122  13:15  Extractor  
  121  13:20  Hydralisk  
  121  13:24  Hydralisk x4  
  131  13:42  Hydralisk  
  131  13:43  Hydralisk x3  
  139  13:52  Lurker x3  
  139  13:54  Hydralisk x3  
  148  14:01  Hydralisk x2  
  152  14:03  Hydralisk x2  
  152  14:05  Drone  
  152  14:06  Drone  
  148  14:21  Greater Spire  
  148  14:23  Overseer, Corruptor x4  
  148  14:49  Lurker x3  
  151  14:58  Zerg Ground Armor Level 2  
  151  15:01  Corruptor x3  
  151  15:03  Drone  
  151  15:04  Overlord x3  
  151  15:05  Overlord x2  
  158  15:15  Overlord x3  
  158  15:22  Queen  
  160  15:34  Zerg Flyer Weapons Level 1  
  160  15:35  Hatchery  
  146  16:06  Brood Lord x7  
  160  16:12  Drone x8  
  168  16:27  Corruptor x2  
  168  16:28  Corruptor  
  174  16:42  Corruptor x3  
  180  16:50  Extractor, Drone  
  180  16:55  Corruptor x3  
  186  17:03  Corruptor x2  
  184  18:10  Hydralisk  
  184  18:11  Hydralisk x6  
  200  18:27  Brood Lord x2  
Show
View Real Time Build Order
Export as new Build Order

Kolbo Protoss 

Build Orders: Dark Templar Rush 

Get SALT Encoding   

  12  0:01  Probe  
  13  0:13  Probe  
  14  0:20  Pylon  
  14  0:25  Probe  
  15  0:38  Probe  
  15  0:40  Gateway  
  16  0:51  Probe  
  16  0:54  Assimilator  
  17  1:03  Probe  
  18  1:18  Probe  
  19  1:28  Zealot  
  21  1:34  Cybernetics Core  
  21  1:35  Pylon  
  21  1:46  Gateway  
  21  2:03  Zealot  
  23  2:20  Gateway x2  
  23  2:24  Assimilator  
  23  2:40  Warp Gate  
  23  3:01  Twilight Council  
  23  3:18  Probe  
  23  3:26  Probe  
  25  3:36  Probe  
  26  3:44  Pylon  
  26  3:45  Dark Shrine  
  26  3:48  Probe  
  26  4:00  Probe  
  27  4:43  Pylon  
  27  4:44  Nexus  
  27  5:04  Dark Templar x4  
  31  6:10  Stalker x3  
  31  6:11  Stalker  
  35  6:39  Dark Templar  
  37  6:40  Dark Templar  
  39  7:18  Forge  
  39  7:20  Stalker x4  
  47  7:23  Pylon  
  47  7:25  Pylon  
  43  7:55  Photon Cannon  
  43  7:56  Photon Cannon  
  41  8:00  Photon Cannon  
  41  8:03  Photon Cannon  
  37  8:06  Photon Cannon  
  37  8:11  Photon Cannon  
  35  8:13  Photon Cannon  
  35  8:17  Photon Cannon  
  28  8:28  Probe  
  29  8:40  Probe  
  29  8:52  Probe, Stalker x3  
  36  9:04  Probe  
  37  9:16  Probe  
  38  9:28  Probe  
  33  9:40  Probe  
  34  9:52  Probe  
  35  9:53  Assimilator  
  35  9:56  Assimilator  
  35  10:04  Probe  
  36  10:16  Probe  
  37  10:29  Probe  
  38  10:36  Probe  
  38  10:41  Probe  
  40  10:48  Probe  
  41  10:52  Dark Templar x2  
  41  10:53  Probe  
  46  11:00  Probe  
  47  11:05  Probe  
  48  11:12  Probe  
  48  11:17  Probe  
  42  11:55  Dark Templar x3  
  44  12:17  Archon  
  44  12:25  Stalker  
  46  12:34  Probe  
  47  12:46  Probe  
  47  12:48  Stalker  
  47  12:49  Stalker x3  
  56  12:59  Probe  
  56  13:04  Nexus  
  57  13:13  Stargate  
  55  13:32  Probe  
  55  13:33  Probe  
  57  13:44  Probe  
  57  13:45  Probe  
  59  13:50  Stargate  
  59  13:54  Stargate  
  59  13:56  Probe  
  59  13:58  Probe  
  57  14:13  Oracle  
  56  14:43  Fleet Beacon  
  56  14:50  Assimilator  
  56  14:54  Assimilator  
  56  15:12  Probe x3  
  59  15:24  Probe x3  
  62  15:36  Probe x2  
  62  15:37  Probe  
  62  15:40  Carrier  
  65  15:43  Carrier  
  77  16:08  Probe x3  
  80  16:20  Probe x2  
  82  16:27  Nexus  
  82  16:30  Pylon  
  82  16:32  Pylon  
  82  16:38  Carrier  
  82  16:40  Carrier  
  82  16:49  Carrier  
Show
View Real Time Build Order
Export as new Build Order

Maiheu Protoss 

Build Orders:  

Get SALT Encoding   

  12  0:00  Probe  
  13  0:13  Probe  
  14  0:18  Pylon  
  14  0:25  Probe  
  15  0:38  Forge  
  15  0:43  Probe  
  16  0:51  Pylon  
  16  0:56  Probe  
  17  1:09  Probe  
  18  1:12  Pylon  
  18  1:21  Photon Cannon  
  18  1:29  Photon Cannon  
  17  1:36  Probe  
  18  1:48  Pylon  
  18  2:00  Probe  
  19  2:02  Assimilator  
  19  2:09  Photon Cannon  
  19  2:14  Gateway  
  19  2:28  Gateway  
  19  2:41  Photon Cannon  
  19  2:47  Probe  
  20  2:55  Photon Cannon  
  20  2:57  Photon Cannon  
  20  3:00  Probe  
  21  3:11  Photon Cannon  
  21  3:17  Cybernetics Core  
  21  3:27  Probe  
  22  3:36  Assimilator  
  22  3:39  Probe  
  23  3:51  Probe, Pylon  
  23  3:54  Robotics Facility  
  24  4:10  Pylon  
  24  4:16  Pylon  
  24  4:30  Shield Battery x2  
  24  4:31  Immortal  
  24  4:34  Pylon  
  28  4:57  Immortal  
  32  5:15  Pylon  
  32  5:32  Immortal  
  32  5:36  Photon Cannon  
  36  5:48  Shield Battery  
  36  5:49  Shield Battery  
  36  6:06  Pylon, Immortal  
  36  6:16  Pylon  
  32  6:36  Immortal  
  32  7:05  Pylon  
  27  7:14  Immortal  
  31  7:46  Warp Prism  
  33  8:05  Shield Battery x2  
  33  8:07  Photon Cannon  
  33  8:09  Robotics Facility  
  33  8:19  Immortal  
  37  8:57  Pylon, Immortal  
  37  8:58  Observer  
  42  9:20  Immortal  
  46  9:31  Immortal  
  22  10:43  Gateway  
  22  10:45  Gateway  
  22  11:01  Nexus  
  22  11:43  Cybernetics Core  
  22  11:47  Probe  
  22  11:53  Pylon  
  23  12:11  Probe  
  24  12:20  Sentry x2, Photon Cannon  
  24  12:21  Gateway  
  24  12:23  Probe x2  
  30  12:32  Probe  
  30  12:35  Probe  
  32  12:43  Probe  
  32  12:50  Sentry x2  
  37  12:54  Probe  
  37  12:55  Probe  
  39  13:06  Probe  
  39  13:07  Probe  
  39  13:12  Assimilator  
  41  13:16  Sentry  
  41  13:17  Sentry  
  45  13:20  Assimilator  
  45  13:21  Probe, Twilight Council  
  46  13:34  Pylon  
  46  13:36  Pylon  
  46  13:38  Pylon  
  46  13:44  Sentry  
  46  13:50  Pylon  
  46  13:52  Probe x2, Sentry x2  
  46  13:53  Pylon  
  54  14:04  Probe x2  
  54  14:05  Templar Archives  
  54  14:07  Sentry  
  56  14:16  Warp Gate  
  58  14:19  Sentry  
  60  14:30  Blink  
  60  14:33  Protoss Ground Weapons Level 1  
  60  14:36  Immortal  
  60  14:47  Pylon  
  60  14:48  Stargate  
  60  14:50  Sentry x2  
  64  14:59  Pylon  
  56  15:48  Void Ray  
  58  16:06  Sentry x3, Stargate  
  64  16:31  Void Ray  
  64  16:32  Pylon, Nexus  
  68  16:41  Psionic Storm  
  68  16:43  Pylon  
  68  16:47  High Templar x2  
  68  16:48  High Templar  
  68  16:53  Gateway  
  74  16:54  Forge  
  74  17:00  Robotics Facility, Forge  
  74  17:02  Void Ray  
  78  17:12  Probe  
  78  17:13  Probe  
  72  17:37  Photon Cannon  
  72  17:38  Assimilator  
  72  17:43  Void Ray  
  68  17:51  Void Ray  
Show
View Real Time Build Order
Export as new Build Order

XMasterMaxX Terran 

Build Orders:  

Get SALT Encoding   

  12  0:01  SCV  
  13  0:13  SCV  
  14  0:18  Supply Depot  
  14  0:25  SCV  
  15  0:40  SCV  
  15  0:42  Barracks  
  16  0:46  Refinery  
  16  0:52  SCV  
  17  1:04  SCV  
  18  1:16  SCV  
  19  1:32  Barracks Reactor  
  19  1:34  Orbital Command  
  19  1:45  Command Center  
  19  2:00  SCV  
  20  2:12  Factory, SCV  
  20  2:15  Marine, Supply Depot  
  21  2:18  Marine  
  23  2:33  Supply Depot  
  23  2:37  SCV, Marine  
  23  2:38  Marine  
  26  2:52  Supply Depot  
  26  2:59  Starport  
  26  3:03  Factory Tech Lab  
  26  3:05  Marine  
  26  3:11  SCV  
  29  3:19  Orbital Command  
  28  3:23  Marine  
  28  3:24  SCV  
  30  3:33  Supply Depot  
  30  3:34  Supply Depot  
  30  3:43  Marine  
  30  3:44  Marine  
  30  3:46  Banshee  
  35  3:54  Refinery  
  35  4:00  Factory Tech Lab  
  35  4:06  SCV  
  35  4:07  SCV  
  37  4:18  Cloaking Field  
  37  4:19  SCV x2  
  39  4:26  Supply Depot  
  39  4:27  Supply Depot  
  39  4:28  Marine x2  
  39  4:29  Supply Depot  
  39  4:31  SCV x2  
  43  4:36  Banshee  
  46  4:52  Marine x2  
  48  4:58  SCV x2  
  50  5:07  Refinery  
  50  5:08  Refinery  
  50  5:10  SCV  
  51  5:19  Banshee  
  54  5:22  Supply Depot  
  54  5:23  Supply Depot  
  54  5:28  Barracks  
  54  5:29  Barracks  
  25  6:32  SCV  
  26  6:38  Command Center  
  26  6:44  SCV  
  27  6:51  Engineering Bay  
  27  6:52  Engineering Bay  
  27  6:56  SCV  
  28  7:03  Armory  
  28  7:08  SCV  
  29  7:16  Marine x2  
  29  7:17  Siege Tank  
  29  7:20  SCV  
  35  7:32  SCV  
  35  7:33  Marine x2  
  36  7:44  SCV  
  36  7:49  Siege Tank  
  36  7:51  Marine x2  
  36  7:56  SCV  
  35  8:09  Marine x2  
  36  8:27  Marine x2  
  35  8:45  Marine x2  
  34  9:02  Marine x2  
  36  9:10  SCV  
  36  9:16  Orbital Command  
  37  9:22  SCV  
  37  9:23  Marine x2  
  40  9:28  Siege Tank  
  40  9:30  Medivac  
  45  9:34  SCV  
  46  9:41  Marine x2  
  48  9:46  SCV  
  49  9:54  SCV  
  49  9:58  Terran Infantry Weapons Level 1  
  49  9:59  Marine x2, SCV  
  53  10:00  Medivac, Siege Tank  
  53  10:06  SCV  
  59  10:11  SCV  
  60  10:17  Marine x2  
  60  10:18  SCV  
  63  10:23  SCV  
  64  10:30  SCV, Medivac  
  64  10:35  SCV, Marine x2  
  70  10:39  Siege Tank  
  70  10:42  SCV  
  74  10:52  Marine x2  
  73  11:09  Banshee  
  73  11:10  Marine x2  
  68  11:28  Marine x2  
  64  11:44  Missile Turret  
  64  11:45  Missile Turret  
  64  11:46  Marine x2  
  66  11:50  Missile Turret  
  66  11:52  Banshee  
  66  11:54  Missile Turret x2  
  66  11:56  SCV x2, Missile Turret  
  66  11:57  Marine x2  
  66  12:00  Siege Tank  
  73  12:04  Marine x2  
  73  12:08  SCV x2  
  77  12:15  Marine x2  
  75  12:20  SCV x2  
  75  12:21  Marine, Missile Turret  
  75  12:22  Marine  
  81  12:29  Missile Turret  
  81  12:32  SCV, Siege Tank  
  81  12:35  Banshee  
  81  12:36  Barracks Tech Lab  
  89  12:39  Barracks Reactor  
  88  12:59  Command Center  
  88  13:04  Siege Tank  
  91  13:19  SCV x2  
  93  13:21  Marine x5  
  97  13:31  SCV x2  
  97  13:38  Marine  
  95  13:43  SCV  
  93  14:13  Marine  
  93  14:14  Marine x4  
  93  14:16  Siege Tank  
  100  14:17  Medivac  
  102  14:31  Marine  
  102  14:32  Marine x4  
  106  14:48  Siege Tank  
  106  14:49  Marine  
  110  15:08  Supply Depot  
  110  15:10  Supply Depot  
  110  15:30  Marine x5  
  98  15:47  Marine x5  
  90  16:01  Siege Tank  
  90  16:02  Medivac  
  95  16:05  Marine x5  
  100  16:23  Marine x5  
  105  16:33  Siege Tank  
  108  16:40  Command Center  
  108  16:41  Marine x2  
  108  16:46  SCV x2  
  112  16:58  SCV  
  112  16:59  SCV  
  114  17:05  Siege Tank  
  117  17:11  SCV  
  118  17:16  Missile Turret  
  118  17:17  Marine x2, Missile Turret  
  118  17:18  Marine x3  
  108  17:35  Marine  
  72  17:52  Thor  
  72  17:55  Viking, Marine  
Tags
 
Add a new tag
Caveats
  • Supply blocks, unpowered buildings, or Contaminate may cause inaccurate times.
  • Supply counts are checked every 10 seconds.